 Dungeon Crawl Stone Soup version 0.25-a0-571-gb5e01bd (webtiles) character file.

Game seed: 6604462666749328795, levelgen mode: deterministic

4571 tyvek the Grappler (level 10, -8/100 HPs)
             Began as a Troll Monk on Feb 29, 2020.
             Was a High Priest of Wu Jian.
             Mangled by a two-headed ogre
             ... wielding a +0 giant club
              (22 damage)
             ... on level 9 of the Dungeon.
             The game lasted 00:19:26 (5505 turns).

tyvek the Grappler (Troll Monk)                     Turns: 5505, Time: 00:19:27

Health: -8/100     AC:  6    Str: 24    XL:     10   Next: 18%
Magic:  9/9        EV: 14    Int:  6    God:    Wu Jian [*****.]
Gold:   511        SH:  0    Dex: 15    Spells: 9/9 levels left

rFire    . . .     SeeInvis .     - Unarmed
rCold    + . .     Gourm    +   (no shield)
rNeg     . . .     Faith    +   a - +0 robe
rPois    .         Spirit   .   (helmet restricted)
rElec    .         Reflect  .   (no cloak)
rCorr    .         Harm     .   (gloves unavailable)
MR       .....                  (boots unavailable)
Stlth    ++........             H - amulet of faith {!P}
HPRegen  0.66/turn              C - ring of protection from cold
MPRegen  0.11/turn              S - +3 ring of strength

@: no status effects
A: large, unfitting armour, claws 3, fast metabolism 3, gourmand, regeneration
1, shaggy fur 1, tough skin 3
a: Wall Jump, Serpent's Lash, Heavenly Storm, Renounce Religion


You were on level 9 of the Dungeon.
You worshipped Wu Jian.
Wu Jian was extremely pleased with you.
You were very full.

You visited 1 branch of the dungeon, and saw 9 of its levels.

You collected 511 gold pieces.


Innate Abilities, Weirdness & Mutations

You are too large for most types of armour.
You have claws for hands.
Your metabolism is lightning-fast.
You like to eat raw meat.
Your natural rate of healing is unusually fast.
You are covered in fur. (AC +1)
You have extremely tough skin. (AC +3)


   Skills:
 + Level 6.6 Fighting
 - Level 2.4 Armour
 + Level 6.5 Dodging
 - Level 1.0 Stealth
 * Level 10.7 Unarmed Combat


You had 9 spell levels left.
You didn't know any spells.
Your spell library contained the following spells:

 Spells                   Type           Power        Failure   Level  Hunger
 Animate Skeleton         Necr           N/A          45%         1    ##.....
 Pain                     Necr           #...         45%         1    ##.....
 Confusing Touch          Hex            #.......     83%         3    ####...
 Gell's Gravitas          Tloc           #.........   83%         3    ####...
 Vampiric Draining        Necr           #.........   83%         3    ####...
 Animate Dead             Necr           N/A          99%         4    #####..
 Petrify                  Tmut/Erth      #.......     99%         4    #####..
 Agony                    Necr           #.......     100%        5    ######.
 Metabolic Englaciation   Hex/Ice        #.........   100%        5    ######.
 Yara's Violent Unravell  Hex/Tmut       #.........   100%        5    ######.

Inventory:

Missiles
 u - 4 curare-tipped darts {=f}
 y - a throwing net {=f}
Armour
 a - a +0 robe (worn)
Jewellery
 C - a ring of protection from cold (left claw)
 H - an amulet of faith (around neck) {!P}
 S - a +3 ring of strength (right claw)
Wands
 q - a wand of iceblast (14)
 s - a wand of acid (12)
 w - a wand of polymorph (6)
 x - a wand of paralysis (11)
 z - a wand of enslavement (8)
Scrolls
 c - 8 scrolls of identify {unknown}
 f - 4 scrolls of teleportation {unknown}
 g - 6 scrolls of remove curse {@r2}
 h - 2 scrolls of fear {unknown}
 i - a scroll of blinking {unknown}
 j - 3 scrolls of amnesia {unknown}
 k - 2 scrolls of enchant weapon {unknown}
 o - 3 scrolls of enchant armour {unknown}
 r - 2 scrolls of fog {unknown}
 v - a scroll of silence {unknown}
Potions
 d - 4 potions of haste {unknown}
 e - 3 potions of curing {@q1}
 l - a potion of resistance {unknown}
 m - 2 potions of stabbing {unknown}
 n - a potion of degeneration {unknown}
 p - a potion of mutation {unknown}
Comestibles
 b - 18 rations
 t - 8 chunks of flesh

Dungeon Overview and Level Annotations

Branches:
Dungeon (9/15)             Temple (0/1) D:7            Lair (0/6) D:8
    Orc: D:9-12

Altars:
Cheibriados
Kikubaaqudgha
Makhleb
Nemelex Xobeh
Okawaru
Wu Jian
Yredelemnul

..... # .
##..## >.....
.#. .....
......##.##...#
#...#...#..
#..r.#.#.## #.
..#†.....#
#..##.##c.#<##
#....#YO####
#..@.# #..#.##
#...#..#
#..####.# ...#
## ...# ...#
...


You could see a two-headed ogre (pinned), a yak (pinned) and a centaur.


Message History

The Council accepts your kill.
You spin and attack the two-headed ogre.
You claw the two-headed ogre!
The two-headed ogre is heavily wounded.
The two-headed ogre misses you.
The two-headed ogre hits you with a +0 dire flail.
You spin and attack the yak.
You claw the yak!
The yak is lightly wounded.
You spin and attack the two-headed ogre repeatedly.
You barely miss the two-headed ogre.
The two-headed ogre is heavily wounded.
You scratch the two-headed ogre.
The two-headed ogre is severely wounded.
The two-headed ogre hits you with a +0 giant club!!
* * * LOW HITPOINT WARNING * * *
The two-headed ogre barely misses you. The yak gores you!!
* * * LOW HITPOINT WARNING * * *
You see here a worker ant corpse.
The two-headed ogre hits you with a +0 giant club.
* * * LOW HITPOINT WARNING * * *
The two-headed ogre barely misses you. The yak gores you.
* * * LOW HITPOINT WARNING * * *
You spin and attack the yak.
You mangle the yak!!
The yak is severely wounded.
You spin and attack the two-headed ogre.
You claw the two-headed ogre!
The two-headed ogre is severely wounded.
The yak barely misses you.
The two-headed ogre hits you with a +0 giant club!!
You die...

Skill      XL: |  1  2  3  4  5  6  7  8  9 |
---------------+----------------------------+-----
Armour         | 1 2 |  2.4
Unarmed Combat | 4 5 6 8 10 | 10.7
Fighting       | 3 4 5 6 |  6.6
Dodging        | 3 4 5 6 |  6.5
Stealth        | |  1.0

Action                   |  1- 3 |  4- 6 |  7- 9 | 10-12 || total
-------------------------+-------+-------+-------+-------++-------
Melee: Unarmed           |    55 |   140 |   336 |    30 ||   561
       Punch             |     1 |     4 |    17 |     3 ||    25
Invok: Lunge             |       |    12 |    22 |       ||    34
       Whirlwind         |       |    29 |   198 |    26 ||   253
       Serpent's Lash    |       |       |     1 |       ||     1
 Abil: Wall Jump         |       |     2 |     9 |       ||    11
  Use: Potion            |       |     1 |       |       ||     1
       Scroll            |       |       |     1 |       ||     1
 Stab: Sleeping          |     2 |     6 |     6 |       ||    14
       Distracted        |       |       |     1 |       ||     1
  Eat: Chunk             |    12 |    15 |    29 |       ||    56
Armor: Robe              |    22 |    31 |    52 |     3 ||   108
Dodge: Dodged            |    29 |    56 |   127 |    13 ||   225

Levels and vault maps discovered:
D:1:      erik_arrival_cave_to_civilisation [erik_arrival_cave_to_hall],
          layout_basic
D:2:      layout_basic, gammafunk_temple_overflow_claw,
          chequers_ecumenical_altar_simple
D:3:      layout_loops_ring, gammafunk_temple_overflow_statue, first_ration,
          tgw_kikubaaqudgha
D:4:      layout_rooms
D:5:      layout_loops_cross
D:6:      layout_gridville, nrook_loot_triangle, minmay_crystal_room,
          minmay_misc_feat_plants, minmay_tree_intersection
D:7:      layout_gridville, okawaru_humans, minmay_temple_entry_nine_rooms
D:8:      layout_loops_ring, dpeg_oklobed_lair, grunt_ogre_cave,
          hangedman_minor_gate_pass, uniq_prince_ribbit1
D:9:      layout_layer_cave, kennysheep_generic_room_3

Notes
Turn   | Place    | Note
-------+----------+-------------------------------------------
     0 | D:1      | tyvek the Troll Monk began the quest for the Orb.
     0 | D:1      | Reached XP level 1. HP: 22/22 MP: 0/0
   183 | D:1      | Reached XP level 2. HP: 28/29 MP: 1/1
   765 | D:2      | Found a faded altar of an unknown god.
   777 | D:2      | Noticed an ogre
   788 | D:2      | Killed an ogre
   788 | D:2      | Reached skill level 1 in Armour
   788 | D:2      | Reached skill level 4 in Unarmed Combat
   788 | D:2      | Reached XP level 3. HP: 36/36 MP: 2/2
   788 | D:2      | Reached XP level 4. HP: 44/44 MP: 3/3
   993 | D:2      | Reached skill level 3 in Fighting
  1028 | D:2      | Reached skill level 3 in Dodging
  1028 | D:2      | Reached XP level 5. HP: 53/53 MP: 4/4
  1057 | D:2      | Found an ornate altar of the Wu Jian Council.
  1057 | D:2      | Found a snail-covered altar of Cheibriados.
  1058 | D:2      | Found a burning altar of Makhleb.
  1064 | D:2      | Became a worshipper of the Wu Jian Council
  1064 | D:2      | Reached * piety under Wu Jian
  1064 | D:2      | Reached ** piety under Wu Jian
  1838 | D:3      | Reached skill level 2 in Armour
  1838 | D:3      | Reached XP level 6. HP: 25/61 MP: 5/5
  1842 | D:3      | HP: 4/61 [something (4)]
  1847 | D:3      | Reached skill level 5 in Unarmed Combat
  2010 | D:3      | Found a basalt altar of Yredelemnul.
  2010 | D:3      | Found a sparkling altar of Nemelex Xobeh.
  2042 | D:3      | Found an ancient bone altar of Kikubaaqudgha.
  2043 | D:3      | Noticed a human
  2046 | D:3      | Killed a human
  2308 | D:4      | Reached *** piety under Wu Jian
  2345 | D:4      | Reached XP level 7. HP: 64/68 MP: 6/6
  2599 | D:5      | Entered Level 5 of the Dungeon
  3243 | D:6      | Reached skill level 6 in Unarmed Combat
  3251 | D:6      | Reached skill level 4 in Fighting
  3251 | D:6      | Reached skill level 4 in Dodging
  3328 | D:6      | Reached XP level 8. HP: 46/79 MP: 7/7
  3338 | D:6      | Reached skill level 7 in Unarmed Combat
  3518 | D:6      | Reached **** piety under Wu Jian
  4140 | D:7      | Reached skill level 8 in Unarmed Combat
  4327 | D:7      | Found a staircase to the Ecumenical Temple.
  4381 | D:7      | Reached skill level 5 in Fighting
  4473 | D:7      | Found an iron altar of Okawaru.
  4482 | D:7      | Reached skill level 5 in Dodging
  4594 | D:8      | Reached XP level 9. HP: 68/88 MP: 8/8
  4596 | D:8      | Reached ***** piety under Wu Jian
  4730 | D:8      | Reached skill level 9 in Unarmed Combat
  4827 | D:8      | Noticed a two-headed ogre
  4837 | D:8      | Killed a two-headed ogre
  4837 | D:8      | Reached skill level 6 in Fighting
  4837 | D:8      | Reached skill level 6 in Dodging
  4895 | D:8      | Noticed Prince Ribbit
  4902 | D:8      | Found a staircase to the Lair.
  4903 | D:8      | Killed Prince Ribbit
  4903 | D:8      | Reached skill level 10 in Unarmed Combat
  5484 | D:9      | Noticed a two-headed ogre
  5484 | D:9      | Reached XP level 10. HP: 100/100 MP: 9/9
  5505 | D:9      | Mangled by a two-headed ogre

Vanquished Creatures
  A two-headed ogre (D:8)
  Prince Ribbit (D:8)
  A wyvern (D:8)
  5 yaks (D:9)
  2 humans (D:7)
  An eye of draining (D:8)
  A phantom (D:4)
  A sky beast (D:8)
  An orc warrior (D:8)
  2 ice beasts
  A necrophage (D:7)
  5 ogres
  A centaur (D:8)
  2 big kobolds
  3 bullfrogs
  A scorpion (D:8)
  A howler monkey (D:6)
  2 crimson imps
  4 hounds
  A jelly (D:6)
  4 orc priests
  4 orc wizards
  A centaur skeleton (D:8)
  2 bullfrog skeletons (D:8)
  4 iguanas
  6 worker ants
  A hound zombie (D:5)
  A hound skeleton (D:5)
  A howler monkey zombie (D:6)
  3 gnolls (D:6)
  7 adders
  2 shadow imps
  2 oozes
  An adder skeleton (D:5)
  2 dart slugs
  4 worms
  3 leopard geckos
  29 orcs
  3 giant cockroaches
  5 goblins
  5 hobgoblins
  7 jackals
  14 kobolds
  3 quokkas
  8 bats
  5 frilled lizards
  A jackal skeleton (D:4)
  2 leopard gecko skeletons
  A quokka skeleton (D:5)
  4 rats (D:1)
172 creatures vanquished.

Vanquished Creatures (others)
  A human (D:3)
1 creature vanquished.

Grand Total: 173 creatures vanquished
